[Event "*** Titled Tuesday Blitz"]
[Site "Chess.com"]
[Date "2021.02.02"]
[Round "1"]
[White "Sunnika"]
[Black "JTCoach"]
[Result "0-1"]
[WhiteElo "2358"]
[BlackElo "2677"]
[TimeControl "180+1"]
[EndTime "10:08:40 PST"]
[Termination "JTCoach won on time"]

1. d4 Nf6 2. Nf3 g6 3. Bg5 Bg7 4. Nbd2 d5 5. e3 O-O 6. h3 c5 7. c3 b6 8. Bd3 Bb7 9. Qb1 Nbd7 10. O-O Re8 11. Bf4 Nh5 12. Bh2 e5 13. dxe5 Nxe5 14. Nxe5 Bxe5 15. Bxe5 Rxe5 16. Nf3 Re8 17. Be2 Nf4 18. Bb5 Qf6 19. exf4 Red8 20. Qd1 Qxf4 21.
Qd2 Qf6 22. Qh6 d4 23. Ng5 Qg7 24. Qxg7+ Kxg7 25. cxd4 Rxd4 26. Rfe1 h6 27. Re7 Bd5 28. Nf3 Rb4 29. a4 Rxb2 30. Rd1 Be6 31. Rd2 Rxd2 32. Nxd2 a6 33. Bc4 Kf6 34. Rb7 Rd8 35. Bxe6 Rxd2 36. Bxf7 b5 37. axb5 axb5 38. Be8 b4 39. Kf1 Rd1+ 40.
Ke2 Rd4 41. Bb5 c4 42. Ke3 Rd3+ 43. Ke2 Rc3 44. Rc7 Rc2+ 45. Ke3 c3 46. Bd3 Rc1 47. Rc6+ Ke7 48. Rb6 Re1+ 49. Kf3 Rd1 50. Ke2 Rd2+ 51. Ke3 Rb2 52. Kd4 c2 53. Bxc2 Rxc2 54. Rxg6 b3 55.
Ke3 b2 56. Rb6 h5 57. h4 Kd7 58. g3 Kc7 59. Rb4 Kc6 60. f3 Kc5 61. Rb8 Kc4 62.
g4 Rc3+ 0-1

[Event "*** Titled Tuesday Blitz"]
[Site "Chess.com"]
[Date "2021.02.02"]
[Round "1"]
[White "Make_it_shine060"]
[Black "Grieve72"]
[Result "0-1"]
[WhiteElo "2142"]
[BlackElo "2515"]
[TimeControl "180+1"]
[EndTime "10:08:40 PST"]
[Termination "Grieve72 won by resignation"]

1. d4 d5 2. c4 e6 3. Nf3 c6 4. Nc3 dxc4 5. a4 Bb4 6. e4 b5 7.
axb5 cxb5 8. Bd2 Bxc3 9. Bxc3 Nf6 10. Qc2 Bb7 11. e5 Nd5 12. Be2 a5 13. O-O O-O 14.
Bd2 Nd7 15. Ng5 g6 16. Ne4 Bc6 17. Bh6 Nb4 18. Qb1 Qh4 19. Bxf8 Bxe4 20. g3 Bxb1 21. gxh4 Kxf8 22. Raxb1 a4 23. Rfc1 Nb6 24. Kg2 h5 25. h3 Rd8 26. Rd1 Nc2 27. Bf3 Nxd4 28. Be4 Ke7 29. Rd2 Nb3 30. Rxd8 Kxd8 31. Bc6 b4 32.
Rd1+ Kc7 33. Be8 a3 34. bxa3 bxa3 35. Bxf7 a2 36. Bxg6 a1=Q 37. Rxa1 Nxa1 38. Bxh5 c3 39. Bg6 c2 40. Bxc2 Nxc2 41. h5 Nd5 42. h6 Nf4+ 43.
Kg3 Ng6 44. h4 Kd7 45. Kg4 Ke7 46. Kg5 Kf7 47. h5 Nf8 48. f4 Nh7+ 49. Kg4 Ne3+ 50.
Kh4 Nf5+ 51. Kg4 Nxh6+ 52. Kh4 Nf5+ 53. Kh3 Kg7 54. Kg4 Kh6 55. Kf3 Kxh5 56. Ke4 Kg4 57. Kd3 Kxf4 58. Ke2 Kxe5 59. Kf2 Nf6 60. Kf3 Kd4 61. Ke2 e5 62. Kd2 e4 63. Ke2 Ng4 64. Kd2 e3+ 65. Ke2 Ke4 66. Ke1 Kf3 67. Kf1 e2+ 68.
Ke1 Ng3 0-1

[Event "*** Titled Tuesday Blitz"]
[Site "Chess.com"]
[Date "2021.02.02"]
[Round "1"]
[White "biostatistician"]
[Black "andrzej"]
[Result "1-0"]
[WhiteElo "2591"]
[BlackElo "2292"]
[TimeControl "180+1"]
[EndTime "10:08:44 PST"]
[Termination "biostatistician won by checkmate"]

1. d4 Nf6 2. Nf3 c5 3. e3 d5 4. c4 cxd4 5. exd4 g6 6. Nc3 Bg7 7.
cxd5 Nxd5 8. Bc4 Nxc3 9. bxc3 O-O 10. O-O Qc7 11. Qe2 Bg4 12. Bb3 Qxc3 13. Bg5 Nc6 14. Rac1 Bxf3 15. Qxf3 Qxf3 16. gxf3 Nxd4 17. Kg2 Nxb3 18.
axb3 f6 19. Be3 Rac8 20. Bxa7 e5 21. Rfd1 Rxc1 22. Rxc1 Ra8 23. Bb6 Ra3 24. Rc8+ Kf7 25. Rc7+ Kg8 26. Rc8+ Kf7 27. Rc7+ Kg8 28. b4 Bf8 29.
Rc8 Kf7 30. Rc7+ Kg8 31. Rxb7 Bxb4 32. Bd8 Bc3 33. Bxf6 Bd4 34. Rg7+ Kf8 35. Rxh7 Ra2 36. Bh4 Kg8 37. Rd7 Rd2 38. Bg3 Rc2 39. Rd5 Kf7 40.
h4 Ke6 41. Rd8 Kf5 42. Rd6 Ra2 43. Rd7 Rb2 44. Rd8 Ra2 45. Rf8+ Ke6 46. f4 exf4 47. Rxf4 Bc5 48. Kh3 Ra3 49. Kg4 Rb3 50. Kg5 Rb2 51. Kxg6 Re2 52. h5 Bd6 53. Rf6+ Ke7 54. Rxd6 Ke8 55.
h6 Kf8 56. h7 Re6+ 57. Kg5 Rxd6 58. Bxd6+ Kg7 59. f4 Kxh7 60. Kf6 Kg8 61. Ke7 Kg7 62. f5 Kg8 63. f6 Kh8 64. f7 Kh7 65. f8=Q Kg6 66.
Qg8+ Kh6 67. Kf6 Kh5 68. Qg5# 1-0

[Event "*** Titled Tuesday Blitz"]
[Site "Chess.com"]
[Date "2021.02.02"]
[Round "1"]
[White "SARGISMV"]
[Black "Bulldog167"]
[Result "0-1"]
[WhiteElo "2413"]
[BlackElo "2803"]
[TimeControl "180+1"]
[EndTime "10:08:45 PST"]
[Termination "Bulldog167 won by checkmate"]

1. d4 Nf6 2. Nf3 g6 3. c4 Bg7 4. Nc3 O-O 5. e4 d6 6. Be2 e5 7. O-O Bg4 8. d5 Nfd7 9. h3 Bxf3 10. Bxf3 Qh4 11. Kh2 a5 12. g3 Qe7 13. Bg2 f5 14. exf5 gxf5 15. f4 e4 16. Be3 Nc5 17. Bd4 Nd3 18.
Bxg7 Qxg7 19. Qd2 Nd7 20. Rab1 Kh8 21. Rg1 h5 22. h4 Nf6 23. Bh3 Ng4+ 24. Bxg4 Qxg4 25.
Qd1 Rg8 26. Qxg4 Rxg4 27. Nd1 Rg7 28. Ne3 Rf7 29. b3 Kg7 30. Rg2 Kf6 31. Re2 Rg7 32. a3 Rag8 33. Rg2 Rb8 34. a4 c6 35. Re2 Rc8 36. Rd1 Rgc7 37. Rc2 Nb4 38. Rcd2 Nd3 39. Rc2 Kg6 40. Rcd2 Rb8 41. Rc2 cxd5 42. Nxd5 Rc5 43.
Ne3 Rbc8 44. Rcd2 Kf6 45. Kg2 Ke6 46. Rxd3 exd3 47. Rxd3 Re8 48. Kf3 Kd7 49. Nc2 Rcc8 50. Nd4 Rc5 51. Nb5 Re6 52. Nd4 Rg6 53. Nb5 Ke7 54. Nd4 Rf6 55. Nc2 Rc8 56. Ne3 Kf7 57. Rd5 Rc5 58. Rd3 Ke6 59. Nd5 Rf7 60. Ne3 Rc8 61.
Nd5 Rg8 62. Re3+ Kd7 63. Rd3 Kc6 64. Nc3 Re8 65. Kf2 Rfe7 66. Nb5 Re2+ 67. Kf3 Rb2 68. Rxd6+ Kc5 69. Rd3 Ree2 70. g4 hxg4+ 71. Kg3 Rg2# 0-1

[Event "*** Titled Tuesday Blitz"]
[Site "Chess.com"]
[Date "2021.02.02"]
[Round "1"]
[White "LuisFSiles"]
[Black "Firegrizzly"]
[Result "0-1"]
[WhiteElo "2270"]
[BlackElo "2575"]
[TimeControl "180+1"]
[EndTime "10:08:47 PST"]
[Termination "Firegrizzly won by resignation"]

1. e4 e6 2. d4 d5 3. Nd2 Nc6 4.
Ngf3 Nf6 5. e5 Nd7 6. Be2 a5 7. O-O a4 8. c4 dxc4 9. Nxc4 Be7 10. Re1 b5 11. Ne3 Nb6 12. Bxb5 Bd7 13. d5 exd5 14. Nxd5 O-O 15. Bf4 Nb4 16. Nxb6 Bxb5 17. Nxa8 Nd3 18.
Re4 Qxa8 19. Rd4 Nxb2 20. Qc2 a3 21. Qxc7 Bd8 22. Qc5 Bc6 23. Ne1 Re8 24. Rc1 Bb7 25. Qb5 Be7 26. Rd7 Ba6 27. Qd5 Qxd5 28. Rxd5 Bc4 29.
Ra5 Bxa2 30. Ra1 Be6 31. R5xa3 Bxa3 32. Rxa3 Rd8 33. Kf1 h6 34. Ke2 Bc4+ 35. Kf3 Bd5+ 36. Kg3 Be6 37. Nc2 g5 38. Be3 Nc4 39. h3 Nxa3 40.
Nxa3 Rd3 41. Nb5 Rd5 42. Nd4 Rxe5 43. Nxe6 Rxe6 44. h4 f6 45. hxg5 hxg5 46. Kg4 Kf7 47. Bd2 Re4+ 48. f4 Rd4 49. Be3 Ra4 50. g3 Kg6 51. Kf3 gxf4 52. Bxf4 Kf5 53. g4+ Ke6 54.
Be3 Ra3 55. Kf4 Kf7 56. Bd4 Ra4 57. Ke3 Kg6 58. Kd3 Kg5 59. Ke3 Ra3+ 60. Ke4 Ra4 61. Ke3 Ra6 62. Kf3 Ra4 63. Be3+ Kh4 64. Bf2+ Kg5 65. Be3+ Kg6 66. Bf4 Kf7 67. Ke3 Ke6 68.
Kf3 Kd5 69. Kg3 Ra3+ 70. Kh4 Ke4 71. Bh6 Ra5 72. Bg7 Ra6 73. Kh5 Kf4 74. Bh6+ Ke4 75.
Bg7 Rc6 76. Kg6 f5+ 77. Kg5 f4 0-1

[Event "*** Titled Tuesday Blitz"]
[Site "Chess.com"]
[Date "2021.02.02"]
[Round "1"]
[White "RD4ever"]
[Black "amatatanav"]
[Result "1-0"]
[WhiteElo "2852"]
[BlackElo "2438"]
[TimeControl "180+1"]
[EndTime "10:08:49 PST"]
[Termination "RD4ever won on time"]

1. d4 Nf6 2. c4 e6 3. Nf3 d5 4.
g3 Be7 5. Bg2 O-O 6. O-O Nbd7 7.
Qc2 c6 8. Nbd2 b6 9. e4 Ba6 10. b3 Rc8 11. Bb2 c5 12. exd5 exd5 13. Rfd1 cxd4 14. Nxd4 b5 15. Nf5 bxc4 16. bxc4 Bxc4 17. Nxc4 Rxc4 18. Qe2 Re8 19. Bxd5 Rc5 20. Qf3 Rxd5 21.
Rxd5 Nxd5 22. Qxd5 Bf6 23. Bd4 Bxd4 24. Qxd4 Qf6 25.
Qxf6 Nxf6 26. Rb1 g6 27. Nd4 Rd8 28. Nf3 Rd5 29. Rb4 Ra5 30. a4 Kg7 31. Kf1 h6 32. Nd4 Nd5 33. Rb5 Rxb5 34. Nxb5 Nb6 35. a5 Nc8 36. a6 Kf6 37. Ke2 Ke5 38. Kd3 Kd5 39.
Nc3+ Kc5 40. Ke4 Nd6+ 41. Ke5 Ne8 42. f4 Kb6 43. Kd5 Kxa6 44. Kc6 Ka5 45. Kd7 Nf6+ 46. Ke7 Ng4 47. Kxf7 Nxh2 48. Kxg6 Kb4 49. Nb1 a5 50. f5 Ng4 51. Kh5 Nf6+ 52. Kxh6 Kb3 53. Kg6 Nd5 54.
g4 a4 55. g5 Kb2 56. f6 Kxb1 57. f7 Ne7+ 58. Kf6 Nd5+ 59. Kg7 Nc7 60. Kf6 Nd5+ 61.
Ke6 Nf4+ 62. Kf5 Nd5 63. f8=Q Ne3+ 64. Ke4 Nc2 65. g6 a3 66. g7 a2 67. g8=Q a1=Q 68.
Qb3+ 1-0

[Event "*** Titled Tuesday Blitz"]
[Site "Chess.com"]
[Date "2021.02.02"]
[Round "1"]
[White "GMMarcinDziuba"]
[Black "MillyNeuf"]
[Result "1-0"]
[WhiteElo "2655"]
[BlackElo "2349"]
[TimeControl "180+1"]
[EndTime "10:08:50 PST"]
[Termination "GMMarcinDziuba won on time"]

1. Nf3 c5 2. g3 d6 3. Bg2 Nf6 4. O-O g6 5. d4 cxd4 6. Nxd4 Bg7 7. b3 O-O 8. Bb2 a6 9. c4 Qc7 10. Nc3 Nc6 11. Rc1 Nxd4 12. Qxd4 Be6 13. Rfd1 Rab8 14.
Qd3 Rfe8 15. Nd5 Qa5 16. Nxf6+ exf6 17. a3 Red8 18. Bd5 Re8 19. Bxe6 Rxe6 20. e3 h5 21. Qd5 b5 22. b4 Qa4 23. c5 dxc5 24. bxc5 Rc8 25.
c6 Rexc6 26. Rxc6 Rxc6 27. Qd8+ Kh7 28. Rd7 Qb3 29. Rd2 Qe6 30. Qd4 Rc4 31. Qd3 h4 32. Kg2 h3+ 33. Kf1 Qg4 34. Qe2 Qe4 35. f3 Qe6 36. Kf2 Bh6 37. Qd3 Rc5 38. Re2 a5 39.
Qd4 Rf5 40. e4 Re5 41. Qa7 Rh5 42. Qxa5 Qc4 43. Qc3 Qxc3 44. Bxc3 f5 45. e5 Bg5 46. f4 Be7 47. Bb4 Bxb4 48. axb4 Kg7 49. Rc2 Rh8 50. Rc7 Rb8 51. e6 Rf8 52. e7 Re8 53. Rb7 Kf6 54.
Rxb5 Rxe7 55. Rb6+ Kg7 56. Rc6 Rb7 57. Rc4 Ra7 58.
Rc2 Rb7 59. Rb2 Kf6 60. Ke3 Ke6 61. Kd4 Kd6 62. b5 f6 63. Kc4 Rc7+ 64. Kd4 Rb7 65. b6 Kc6 66. Kc4 Rb8 67. b7 Kc7 68. Kd5 1-0

[Event "*** Titled Tuesday Blitz"]
[Site "Chess.com"]
[Date "2021.02.02"]
[Round "1"]
[White "eldur16"]
[Black "Sofiia_Hryzlova"]
[Result "0-1"]
[WhiteElo "2521"]
[BlackElo "2231"]
[TimeControl "180+1"]
[EndTime "10:08:50 PST"]
[Termination "Sofiia_Hryzlova won on time"]

1. Nf3 Nf6 2. g3 d5 3. Bg2 c6 4.
O-O Nbd7 5. d3 e5 6. Nbd2 Bd6 7. e4 O-O 8. Re1 Re8 9. Nh4 g6 10. Qe2 Bf8 11. Nhf3 Bg7 12. Rb1 a5 13. b3 a4 14. Bb2 d4 15. Nc4 Qc7 16. c3 b5 17.
Ncd2 c5 18. Rec1 Qb6 19. cxd4 exd4 20. h3 Bb7 21. b4 cxb4 22. Bxd4 Qa5 23. Qd1 Rad8 24.
Nf1 Nb8 25. Qc2 Nc6 26. Ba1 Rc8 27. Qd1 Red8 28. Qe2 Qb6 29. Ne3 Rd7 30. Bxf6 Bxf6 31. Nd5 Qd8 32. Qe3 Rb8 33. Rc5 Ba8 34. Rbc1 Bc3 35.
a3 Bb2 36. Rxc6 Bxc6 37. Rxc6 bxa3 38. Nb4 Qe7 39. Qd2 Rbd8 40. Nd5 Rxd5 41. exd5 Qf8 42. d4 Rxd5 43. Qc2 b4 44. Qxa4 Qd8 45. Qc2 Qe8 46.
Rc8 Rd8 47. Rxd8 Qxd8 48. Qb3 Bxd4 49. Kf1 Bg7 50. Ke2 Qe7+ 51. Kd1 Qd6+ 52. Nd2 Bc3 53.
Qc2 Qd4 54. Ke2 Bb2 55. Qb3 Qe5+ 56. Kd1 Qd4 57. Kc2 Bc3 58. Ne4 Qd7 59. Qc4 Qe7 60. Kb3 Bg7 61. Nc5 Qe1 62. Bd5 Qb1+ 63. Ka4 Qd1+ 64.
Kb5 a2 65. Bxf7+ Kh8 66. Ne6 a1=Q 0-1

[Event "*** Titled Tuesday Blitz"]
[Site "Chess.com"]
[Date "2021.02.02"]
[Round "1"]
[White "Maghalashvili"]
[Black "ukchessbomber"]
[Result "1-0"]
[WhiteElo "2687"]
[BlackElo "2371"]
[TimeControl "180+1"]
[EndTime "10:08:55 PST"]
[Termination "Maghalashvili won by checkmate"]

1. Nf3 Nf6 2. g3 g6 3. Bg2 Bg7 4. c4 d6 5. O-O O-O 6. d4 c6 7.
Nc3 Nbd7 8. e4 e5 9. h3 Re8 10. Re1 Qc7 11. Be3 a6 12. Rc1 Qb8 13. d5 c5 14. a4 a5 15. Rf1 Nf8 16. Ne1 Nh5 17. Nd3 h6 18. Kh2 Nh7 19. g4 N5f6 20. f4 exf4 21. Bxf4 Nd7 22. Nb5 Ne5 23. Nxe5 Bxe5 24. Bxe5 Rxe5 25. Qf3 f6 26. Qf4 Kg7 27. Rf2 Bd7 28. Nc3 Qe8 29. Rcf1 Bxa4 30. Qg3 Bd7 31. Ne2 b5 32. b3 b4 33. Nf4 Ng5 34. Nd3 Nxe4 35. Bxe4 Rxe4 36. Qxd6 Qe7 37. Qxe7+ Rxe7 38. Nxc5 a4 39. bxa4 Ra5 40. Nxd7 Rxd7 41. Rxf6 Rxa4 42. Rb6 b3 43. Rff6 Rxc4 44. Rxg6+ Kf7 45. Rxh6 Rc2+ 46.
Kg3 Rc3+ 47. Kh4 Rxd5 48. Rb7+ Kg8 49. Ra6 Rd8 50. Ra4 Re3 51. Rc4 Rf8 52. g5 Rf7 53.
Rxf7 Kxf7 54. Kg4 b2 55. Rc7+ Kg6 56. Rc6+ Kf7 57. Rb6 Re2 58. h4 Rg2+ 59. Kh5 Kg7 60. Rb7+ Kf8 61. Kg6 Ke8 62. h5 Kd8 63. h6 Kc8 64. Rb3 Rh2 65. Kh7 Kd7 66. g6 Ke6 67. g7 Rh3 68. Rxb2 Rb3 69. Rxb3 Kf5 70. g8=Q Kf4 71. Qg6 Ke5 72. Re3+ Kd4 73. Qe4+ Kc5 74. Rc3+ Kd6 75. Rc6+ Kd7 76. Qe6+ Kd8 77. Rc8# 1-0

[Event "*** Titled Tuesday Blitz"]
[Site "Chess.com"]
[Date "2021.02.02"]
[Round "1"]
[White "anon132639"]
[Black "SCIM"]
[Result "1/2-1/2"]
[WhiteElo "2799"]
[BlackElo "2424"]
[TimeControl "180+1"]
[EndTime "10:09:01 PST"]
[Termination "Game drawn - insufficient material"]

1. Nf3 Nf6 2. c4 g6 3. d4 Bg7 4. Nc3 d5 5. e3 O-O 6. cxd5 Nxd5 7. Bc4 Nxc3 8. bxc3 c5 9. O-O Nc6 10. a4 Na5 11.
Be2 b6 12. Ba3 Qc7 13. Nd2 Bb7 14. Nb3 Nxb3 15. Qxb3 Rfd8 16. a5 cxd4 17. cxd4 e5 18. Rfc1 Qd7 19. dxe5 Bxe5 20. Bb2 Bxb2 21. Qxb2 bxa5 22.
Rxa5 Qd2 23. Qxd2 Rxd2 24. Bf1 Bd5 25. Rca1 Be6 26. h4 h5 27. Rxa7 Rxa7 28. Rxa7 Rd1 29.
Ra4 Kg7 30. f3 Rb1 31. Kf2 Kf6 32. Bd3 Rb2+ 33. Kg3 Rd2 34. Be4 Rb2 35. Ra6 Rd2 36. Rb6 Re2 37. Kf4 Rxg2 38. Bd5 Rh2 39. Bxe6 fxe6 40. Kg3 Rh1 41. e4 Rg1+ 42. Kf4 Rh1 43. e5+ Kg7 44. Rxe6 Kh6 45. Kg3 Rg1+ 46. Kf2 Rh1 47.
Kg3 Rg1+ 48. Kh2 Re1 49. f4 Kg7 50. Re7+ Kf8 51. Rd7 Re3 52. Kg2 Kg8 53. Kf2 Rh3 54. e6 Kf8 55. Rf7+ Ke8 56. Rf6 Rxh4 57. Kf3 Rg4 58.
Ke4 g5 59. Ke5 Rxf4 60. Rh6 Rf1 61. Rxh5 g4 62. Rg5 Re1+ 63. Kf6 Rf1+ 64. Kg6 Ke7 65.
Rxg4 Kxe6 66. Re4+ Kd5 67. Re2 Rd1 68. Kf5 Rd4 69. Re5+ Kc4 70. Ke6 Kd3 71. Rh5 Re4+ 72. Kf5 Rd4 73. Rh3+ Kc4 74. Ke5 Rd5+ 75. Ke6 Rd4 76.
Rh1 Rd3 77. Ke5 Kc3 78. Rc1+ Kd2 79. Ra1 Re3+ 80. Kf4 Rd3 81. Ke4 Re3+ 82. Kd4 Rd3+ 83. Kc4 Rc3+ 84. Kb4 Rg3 85. Ra3 Rxa3 86. Kxa3 1/2-1/2

[Event "*** Titled Tuesday Blitz"]
[Site "Chess.com"]
[Date "2021.02.02"]
[Round "1"]
[White "AliKa2810"]
[Black "CrushingKings"]
[Result "0-1"]
[WhiteElo "2588"]
[BlackElo "2319"]
[TimeControl "180+1"]
[EndTime "10:09:12 PST"]
[Termination "CrushingKings won by checkmate"]

1. c4 g6 2. d4 Bg7 3. Nc3 d6 4. e4 Nd7 5. h3 e5 6. Be3 Ngf6 7. d5 a5 8. Nge2 Nc5 9. Qc2 Bd7 10. g4 h5 11. g5 Nh7 12. h4 f5 13. gxf6 Bxf6 14. O-O-O Bxh4 15. f4 exf4 16. Nxf4 Bg5 17. Bh3 Bxh3 18. Rxh3 Qd7 19. Rg3 O-O-O 20. Rdg1 Bxf4 21.
Bxf4 g5 22. Bxg5 Nxg5 23. Rxg5 Rde8 24. Kb1 h4 25. Rg7 Re7 26. Rxe7 Qxe7 27. a3 h3 28. b4 axb4 29. axb4 Nd7 30. c5 dxc5 31. Nb5 h2 32. Rh1 Rh4 33. Rxh2 Rxh2 34. Qxh2 Qxe4+ 35. Ka1 Qe1+ 36. Ka2 Qe5 37. Qg2 Nf6 38. Qh3+ Kb8 39. Qh8+ Qe8 40. Qxf6 Qxb5 41. Qd8+ Ka7 42. Qxc7 Qa4+ 43. Kb2 Qxb4+ 44. Ka1 Qe1+ 45. Ka2 Qd2+ 46. Ka3 Qxd5 47. Qh7 Qc4 48. Qh8 Qb4+ 49. Ka2 c4 50. Qd4+ Ka6 51. Qf6+ b6 52. Qd8 Qb3+ 53. Ka1 Qc3+ 54. Ka2 Qc2+ 55. Ka1 Qd3 56.
Qa8+ Kb5 57. Qe8+ Kb4 58. Qe7+ Kb3 59. Qa3+ Kc2 60. Qb2+ Kd1 61. Qxb6 c3 62. Qg1+ Kd2 63. Qg5+ Qe3 64. Qg2+ Kd1 65. Qf1+ Kc2 66. Qf5+ Qd3 67. Qf2+ Qd2 68. Qf5+ Kd1 69. Qf1+ Qe1 70. Qd3+ Qd2 71.
Qf1+ Kc2 72. Qf5+ Qd3 73. Qf2+ Kb3 74. Qb6+ Kc4 75. Qa6+ Kd4 76. Qd6+ Ke3 77. Qg3+ Ke2 78. Qg2+ Ke1 79. Qg1+ Kd2 80. Qf2+ Qe2 81. Qd4+ Kc2 82. Qa4+ Kc1 83. Qf4+ Qd2 84. Qf1+ Qd1 85. Qf4+ Kc2+ 86. Ka2 Qb1+ 87. Ka3 Qb3# 0-1

[Event "*** Titled Tuesday Blitz"]
[Site "Chess.com"]
[Date "2021.02.02"]
[Round "1"]
[White "Witik"]
[Black "zacachess"]
[Result "1/2-1/2"]
[WhiteElo "2774"]
[BlackElo "2413"]
[TimeControl "180+1"]
[EndTime "10:09:22 PST"]
[Termination "Game drawn by repetition"]

1. e4 c5 2. Nf3 d6 3. d4 cxd4 4.
Nxd4 Nf6 5. Nc3 a6 6. Be3 e5 7.
Nf3 Be7 8. Bc4 O-O 9. O-O h6 10.
Nd5 Nxd5 11. Bxd5 Nc6 12. Qe2 Be6 13. Rfd1 Qc7 14. c3 Rfe8 15. h3 Bf8 16. Rd2 Ne7 17.
Bb3 Red8 18. Rad1 Qc6 19. Qd3 Bxb3 20. axb3 f5 21. Qc4+ Qxc4 22. bxc4 fxe4 23. Nxe5 Nc6 24. Ng6 Na5 25. Rd4 Rac8 26. Rxe4 Nxc4 27. Bc1 d5 28.
Red4 Nb6 29. Nxf8 Kxf8 30. Rb4 Rc6 31. Be3 Nc4 32. Rxb7 Nxe3 33. fxe3 Re6 34. Kf2 Rde8 35. Rd3 Rf6+ 36. Ke2 Rf5 37. Rd7 Rb8 38. b4 a5 39.
R7xd5 Rxd5 40. Rxd5 axb4 41. cxb4 Rxb4 42. Rd7 Ra4 43. Kf3 Rb4 44. g3 Ra4 45. Rb7 Rc4 46. h4 Ra4 47. h5 Rc4 48. e4 Ra4 49. Kf4 Rc4 50. Kf5 Ra4 51. g4 Rc4 52. e5 Ra4 53. Ke6 Ra6+ 54. Kf5 Rc6 55. Ra7 Rb6 56. g5 hxg5 57. Kxg5 Rc6 58. Kf5 Rb6 59. Rd7 Rh6 60. Kg5 Re6 61. Kf4 Rh6 62. Kg5 Re6 63. Rd5 Ra6 64.
Rb5 Rc6 65. Rb7 Ra6 66. Kf5 Rh6 67. Kg4 Re6 68. Rb5 Ra6 69. Rc5 Re6 70. Kg5 Ra6 71. Rd5 Rb6 72. Rd6 Rb5 73. Kf5 Ra5 74. Ke6 Ra8 75. Kd7 Re8 76. e6 Re7+ 77. Kc6 Re8 78. Kd5 Ra8 79. Rd7 Ra5+ 80. Kd6 Ra6+ 81. Ke5 Ra5+ 82. Kd6 Ra6+ 83. Kd5 Ra5+ 84. Kc6 Ra6+ 85.
Kd5 Ra5+ 1/2-1/2

[Event "*** Titled Tuesday Blitz"]
[Site "Chess.com"]
[Date "2021.02.02"]
[Round "1"]
[White "bugsbunny444"]
[Black "Coiote53"]
[Result "0-1"]
[WhiteElo "2620"]
[BlackElo "2354"]
[TimeControl "180+1"]
[EndTime "10:09:23 PST"]
[Termination "Coiote53 won by checkmate"]

1. Nf3 Nf6 2. c4 c5 3. g3 g6 4. b3 Bg7 5. Bb2 O-O 6. Bg2 d5 7. cxd5 Qxd5 8. O-O Nc6 9. Ne5 Qd6 10. Nxc6 bxc6 11.
d3 Be6 12. Nd2 h5 13. Qc2 h4 14. Rac1 Nd7 15. Ne4 Qc7 16. Bxg7 Kxg7 17. Nxc5 Nxc5 18. Qxc5 h3 19. Qxc6 Qe5 20. Qe4 Qb2 21. Bf3 Rac8 22. Rb1 Qxa2 23. Qd4+ Kg8 24. Ra1 Qxb3 25. Rxa7 Rfe8 26.
Qh4 Kg7 27. Rxe7 Rxe7 28. Qxe7 Qc3 29. Qh4 Qd2 30. Qd4+ Kh7 31. Qe3 Qb2 32. g4 Rb8 33. d4 Qc2 34. d5 Rb1 35. Bg2 hxg2 36. Qh3+ Kg7 37. Rxb1 Qxb1+ 38. Kxg2 Bxd5+ 39. f3 Qc2 40. Kf2 Qc5+ 41. Kg3 Qe3 42. Qf1 Bc4 43. Qa1+ Kh7 44. Qf6 Qxe2 45. h4 Qe1+ 46. Kf4 Qc1+ 47. Kg3 Qg1+ 48.
Kf4 Qh2+ 49. Kg5 Qd2+ 50. f4 Qd5+ 51. Qe5 Qxe5+ 52. fxe5 Kg7 53. h5 gxh5 54. Kxh5 Be6 55. Kg5 Bd5 56. Kh5 Bf3 57. Kg5 Be4 58. Kh5 Bg6+ 59.
Kg5 Bb1 60. Kh5 Kf8 61. Kg5 Ke7 62. Kf4 Bg6 63. Kg5 Ke6 64. Kf4 Bb1 65. Kg5 Kxe5 66. Kh5 Bg6+ 67. Kg5 Ke6 68. Kf4 Kf6 69. Kg3 Kg5 70.
Kf3 Bb1 71. Kg3 Bc2 72. Kf3 Bd1+ 73. Kg3 Bxg4 74. Kh2 f5 75. Kg3 Bd1 76. Kf2 Ba4 77.
Ke1 Kf4 78. Kf2 Bb5 79. Kg2 Ke3 80. Kg1 f4 81. Kh2 f3 82. Kg1 f2+ 83. Kh2 Bc6 84. Kg3 f1=Q 85. Kh4 Qg2 86. Kh5 Be8+ 87. Kh4 Bd7 88.
Kh5 Qg4+ 89. Kh6 Kf4 90. Kh7 Kf5 91. Kh6 Kf6 92. Kh7 Qg7# 0-1

[Event "*** Titled Tuesday Blitz"]
[Site "Chess.com"]
[Date "2021.02.02"]
[Round "1"]
[White "jerry_77"]
[Black "Paralinch"]
[Result "0-1"]
[WhiteElo "2455"]
[BlackElo "2884"]
[TimeControl "180+1"]
[EndTime "10:09:31 PST"]
[Termination "Paralinch won by resignation"]

1. e4 c5 2. Nf3 d6 3. d4 cxd4 4.
Nxd4 Nf6 5. Nc3 a6 6. Be3 e5 7. Nb3 Be6 8. h3 Be7 9. f4 Nc6 10. f5 Bxb3 11. axb3 d5 12. Nxd5 Nxe4 13. Nxe7 Qxe7 14.
Qg4 Nf6 15. Qh4 O-O 16. Be2 Nd4 17. Bd3 e4 18. O-O Nxb3 19. cxb3 exd3 20. Bd4 Rfd8 21. Rad1 Nd5 22. Qg3 f6 23. Rxd3 Nb4 24. Re3 Qf7 25. Bb6 Re8 26. Rxe8+ Rxe8 27. Bd4 h6 28. Bc3 Nd5 29. Kh2 Ne3 30. Re1 Nxf5 31. Rxe8+ Qxe8 32. Qc7 Qc6 33. Qd8+ Kh7 34. Qd3 Qd6+ 35. Qxd6 Nxd6 36.
Kg3 Kg6 37. Kf4 Kf7 38. Ke3 Ke6 39. Bd2 h5 40. Kd4 Nf5+ 41. Kc5 Kd7 42. Kb6 Kc8 43. Bf4 Nh4 44. g3 Nf5 45. g4 hxg4 46. hxg4 Ne7 47. Kc5 Kd7 48. Bg3 Nc6 49. Kb6 Kc8 50. Kc5 Ne5 51.
g5 Nd7+ 52. Kd6 fxg5 53. Ke6 Nc5+ 54. Kf5 Nxb3 55. Kxg5 Kd7 56. Be5 Ke6 57. Bxg7 Kd5 58. Kf4 Kc4 59. Ke3 b5 60. Ke2 Nc5 61. Kd2 Kb3 62.
Kc1 Nd3+ 63. Kb1 a5 64. Bf6 a4 65. Bg7 Nc5 66. Bh8 Ne4 67. Bg7 Nd2+ 68. Kc1 Nf3 69. Kb1 b4 70. Bf8 Kc4 71. Kc2 Nd4+ 72. Kc1 Ne6 73.
Be7 Nc5 74. Bf6 Kb3 75. Bd4 Ne4 76. Be5 Nf2 77. Bd4 Ne4 78. Be5 Ka2 79. Bg7 Nf2 80.
Kc2 b3+ 81. Kd2 Ne4+ 82. Kc1 Nc5 83. Kd2 Ne6 84. Be5 Nd8 85. Bd4 Nc6 86. Bc3 Ne7 87. Kc1 Nd5 88. Bd4 Nf4 89. Kd2 Ne6 90. Be5 Nc5 91. Bd4 Nd7 92. Bg7 Nb6 93. Kc1 Nc4 94.
Bd4 Nxb2 95. Bxb2 a3 96. Bxa3 Kxa3 97. Kb1 b2 0-1

[Event "*** Titled Tuesday Blitz"]
[Site "Chess.com"]
[Date "2021.02.02"]
[Round "1"]
[White "Artem_Sadovsky"]
[Black "Matols"]
[Result "1-0"]
[WhiteElo "2570"]
[BlackElo "2260"]
[TimeControl "180+1"]
[EndTime "10:09:33 PST"]
[Termination "Artem_Sadovsky won by checkmate"]

1. Nf3 Nf6 2. c4 e6 3. b3 d5 4. Bb2 Be7 5. e3 O-O 6. Be2 c5 7. O-O Nc6 8. cxd5 Nxd5 9. Nc3 b6 10. Nxd5 Qxd5 11. d4 cxd4 12. Nxd4 Nxd4 13. Bxd4 Bb7 14.
Bf3 Qd7 15. Bxg7 Qxd1 16. Rfxd1 Kxg7 17. Bxb7 Rad8 18. Kf1 Kf6 19. Ke2 h6 20. Rac1 Rxd1 21. Rxd1 Rd8 22. Rc1 Rd7 23. Bc6 Rc7 24. Rc4 Bc5 25.
Be4 a5 26. h3 Ke5 27. f4+ Kf6 28. g4 Rd7 29. h4 Rd6 30. Bd3 Ke7 31. g5 hxg5 32. fxg5 Rd5 33. Rg4 Kf8 34. h5 Be7 35. g6 fxg6 36. Rxg6 Rxh5 37. Rxe6 Bc5 38. a4 Kf7 39. Rc6 Rh2+ 40. Kf3 Rh3+ 41. Kf4 Bxe3+ 42. Kf5 Rh5+ 43. Kg4 Rc5 44. Bc4+ Kg7 45. Re6 Bd4 46. Kf4 Rh5 47. Ke4 Bc5 48. Bd5 Rh4+ 49. Ke5 Rh5+ 50. Ke4 Rh4+ 51. Kf3 Rh3+ 52. Kg4 Rh2 53. Kg5 Rf2 54. Rg6+ Kf8 55. Rg8+ Ke7 56. Rc8 Kd6 57. Bc4 Ke5 58. Rd8 Rg2+ 59. Kh5 Kf5 60. Bd3+ Kf4 61.
Bc4 Rh2+ 62. Kg6 Rg2+ 63. Kf6 Rh2 64. Ke6 Rh6+ 65. Kd5 Rh5+ 66. Kc6 Rh6+ 67. Kb5 Rh5 68. Ka6 Rg5 69. Rc8 Ke3 70. Rd8 Rh5 71. Rd3+ Ke4 72.
Rd7 Rh6 73. Kb5 Rf6 74. Bd5+ Ke5 75. Bc4 Rf4 76. Rd5+ Ke6 77. Rxc5+ Kd6 78. Rc6+ Kd7 79. Rxb6 Rf5+ 80. Ka6 Kc7 81. Rb5 Rf6+ 82. Kxa5 Rh6 83.
Kb4 Rh4 84. Rc5+ Kb6 85. Rb5+ Ka7 86. a5 Ka8 87. Rb6 Ka7 88. Rd6 Rf4 89. Kb5 Rf5+ 90. Bd5 Rg5 91. Rd8 Rg6 92. Ra8# 1-0

[Event "*** Titled Tuesday Blitz"]
[Site "Chess.com"]
[Date "2021.02.02"]
[Round "1"]
[White "CSB7"]
[Black "scabies1"]
[Result "0-1"]
[WhiteElo "2601"]
[BlackElo "2339"]
[TimeControl "180+1"]
[EndTime "10:09:57 PST"]
[Termination "scabies1 won by resignation"]

1. e4 c5 2. Nf3 d6 3. Bc4 Nf6 4. Qe2 e6 5. O-O Nc6 6. c3 Be7 7. Bb3 O-O 8. d4 e5 9. dxc5 dxc5 10. Rd1 Qc7 11. Na3 a6 12. Bg5 b5 13. Bxf6 Bxf6 14.
Bd5 Bb7 15. Nc2 Ne7 16. Ne3 Rfd8 17. c4 Rab8 18. h3 bxc4 19. Bxb7 Qxb7 20. Nxc4 Nc6 21. Rxd8+ Rxd8 22. Rd1 Nd4 23. Qd3 Qc7 24. b3 g6 25.
Kh1 Kg7 26. Ne1 Ne6 27. Qb1 Rd4 28. Nf3 Rd8 29. Rd5 Nd4 30. Qd3 Re8 31. Ne3 Qc6 32. Ng4 h5 33. Ngxe5 Bxe5 34. Nxe5 Qc7 35. Nf3 Ne6 36.
Qc3+ Kg8 37. Qf6 Nf4 38. Rd6 Ne6 39. Rxa6 c4 40. Qc3 Qb7 41. Ra4 cxb3 42. Qxb3 Qc6 43. Rc4 Qd7 44. Qc2 Qe7 45. Kg1 Qf6 46. Qc3 Nf4 47.
Qxf6 Re6 48. Kf1 Rxf6 49. Rc8+ Kg7 50. Rc7 Re6 51. Ng5 Rd6 52. Rxf7+ Kh6 53. Ke1 Kxg5 54.
Ra7 Kh6 55. g3 Ne6 56. f4 Nd4 57. e5 Rc6 58. Kf2 Nc2 59. Kf3 Nb4 60. Ra4 Rc3+ 61. Ke4 Rc4+ 62. Kf3 Rc3+ 63. Kg2 Rc2+ 64. Kf1 Nd3 65.
g4 Rf2+ 66. Kg1 Rxf4 67. Ra6 hxg4 68. e6 Re4 69. hxg4 Rxg4+ 70. Kf1 Re4 71. a4 Nc5 72. Rc6 Nxa4 73. Kf2 Nb2 74. Kf3 Re1 75. Kf4 Nd3+ 76. Kg3 Re3+ 77. Kh2 Kg5 78. Kg2 Kf6 79. Kh2 Rxe6 80.
Rc3 Ne5 81. Rg3 Kf5 82. Ra3 g5 83. Kg2 g4 84. Ra5 Rd6 85. Ra4 Rd2+ 86. Kg3 Rd3+ 87. Kg2 Ng6 88. Ra5+ Ke4 89. Ra4+ Kf5 90. Ra5+ Ne5 91.
Kf2 Rd4 92. Kg2 Kf4 93. Ra2 Nf3 94. Ra8 Rd2+ 95. Kf1 Kg3 96. Ra2 Nh2+ 97. Kg1 Rxa2 0-1